Unix NetHack Version 5.0.0-0 post-release - last build May  4 2026 22:22:43 (774f63e81ad911689b3a0859ea89b322d5daca8d,branch:main).

Game began 2026-05-09 18:12:36, ended 2026-05-10 19:37:17.

DeathOnAStick, neutral female human Tourist

                                                    -----------     ----------
                                                    |.........|    #)........|
                                                    |.........|    )|........|
                                                    |.........|   ^#|`.......|
                    .#                   -----      |..........#### |.).%....|
                     #                 ##....-#     -----.-----#####|...<....|
              |..    ###               # |^^.|##  ###########)))    ----------
              |.    +###               # |...| # ##        )
               %       #%           #### |..y|####         )
             ##)        #           #    |_ ^.####         [
               ###%#### #           #    -----   #         #
               #      ######--------#            #  -------+--------
               ### #    #  #|...@..|@           ####.   ..).....   |
                -|-.-  #####.......|%g##########` ##|   .>......   |
                |...|  #    |......%#              #|    ...%...   |
                |....###    --------#              #+     .....    |
                |...|  ##############               ----------------
                -----

DeathOnAStick the Peregrinatrix  St:25 Dx:17 Co:18 In:17 Wi:16 Ch:18  Neutral S:202291
Dlvl:24 $:0  HP:0(120) Pw:58(58) AC:-5 Xp:13/43717 T:38014 

Latest messages:
 Please move the cursor to a monster, object or location.
 (For instructions type a '?')
 You already found a monster.  Use 'm' prefix to force another search.
 What do you want to wield? [- ag or ?*] a
 You are already wielding that!
 You hit the displacer beast!
 The displacer beast hits!
 The displacer beast hits again!
 The displacer beast bites!
 The displacer beast swaps places with you...
 You hit the displacer beast!
 The displacer beast hits!
 The displacer beast hits again!
 The displacer beast bites!
 The displacer beast swaps places with you...
 You see here a wolf corpse.
 What do you want to wield? [- ag or ?*] a
 You are already wielding that!
 There is a doorway here.
 You see here an owlbear corpse.
 What do you want to wield? [- ag or ?*] a
 You are already wielding that!
 The displacer beast swaps places with you...
 There is a doorway here.
 You see here an owlbear corpse.
 The displacer beast swaps places with you...
 The displacer beast hits!
 The displacer beast hits again!
 The displacer beast bites!
 What do you want to zap? [bhilqBMWY or ?*] i
 In what direction? j
 You kill the displacer beast!
 The bolt of lightning hits it!
 What do you want to wield? [- ag or ?*] a
 You are already wielding that!
 The winged gargoyle misses!
 The winged gargoyle hits!
 The winged gargoyle bites!
 You hit the winged gargoyle!
 The winged gargoyle hits!
 The winged gargoyle hits again!
 The winged gargoyle bites!
 The winged gargoyle hits!
 The winged gargoyle hits again!
 You die...
 Do you want your possessions identified? [ynq] (y) y
 Do you want to see your attributes? [ynq] (y) y
 Do you want an account of creatures vanquished? [ynaq] (y) y
 Do you want to see your conduct and achievements? [ynq] (y) y
 Do you want to see the dungeon overview? [ynq] (y) y

Inventory:
 Weapons  (')')
  a - the blessed rustproof +5 Vorpal Blade (weapon in right hand)
 Armor    ('[')
  D - an uncursed rustproof +0 dwarvish iron helm (being worn)
  u - an uncursed rustproof +0 pair of gauntlets of power (being worn)
  o - an uncursed +0 pair of speed boots (being worn)
  n - an uncursed +0 shield of reflection (being worn)
  Q - an uncursed very burnt rotted +0 cloak of magic resistance (being worn)
  I - an uncursed +0 Hawaiian shirt with a plumeria motif (being worn)
  p - an uncursed +0 dwarvish mithril-coat (being worn)
 Comestibles  ('%')
  O - an uncursed C-ration
  y - an uncursed carrot
  F - 2 uncursed cream pies
  m - an uncursed eucalyptus leaf
  P - an uncursed melon
  N - an uncursed orange
  C - 3 uncursed lizard corpses
 Rings    ('=')
  G - an uncursed ring of levitation
 Wands    ('/')
  Y - a wand of cold (0:6)
  h - a blessed wand of digging (0:7)
  M - a blessed wand of digging (0:3)
  q - a wand of digging (0:4)
  l - a wand of fire (0:8)
  i - a wand of lightning (0:2)
  W - a wand of opening (0:7)
  B - a wand of slow monster (0:8)
  b - a blessed wand of teleportation (0:4)
 Tools    ('(')
  f - a blessed bag of holding containing 72 items
  e - an empty uncursed bag of holding
  s - an uncursed blindfold
  X - a cursed magic lamp (lit)
  x - an uncursed skeleton key
  g - a blessed +0 unicorn horn
 Gems/Stones  ('*')
  w - a blessed luckstone

Contents of the bag of holding:
  19272 gold pieces
  an uncursed amulet of reflection
  a cursed amulet of restful sleep
  a cursed amulet of restful sleep
  a cursed amulet of strangulation
  a cursed -1 pair of fumble boots
  an uncursed +0 pair of water walking boots
  an uncursed thoroughly rotted +4 pair of water walking boots
  7 uncursed food rations
  an uncursed tripe ration
  3 uncursed tins of tengu meat
  3 blessed tins of troll meat
  5 uncursed lizard corpses
  an uncursed scroll of create monster
  2 uncursed scrolls of earth
  an uncursed scroll of light
  2 uncursed scrolls of remove curse
  2 uncursed scrolls of scare monster
  a blessed scroll of teleportation
  an uncursed scroll of teleportation
  2 cursed scrolls of teleportation
  an uncursed spellbook of confuse monster
  an uncursed spellbook of detect monsters
  an uncursed spellbook of fireball
  an uncursed spellbook of force bolt
  an uncursed spellbook of force bolt
  an uncursed spellbook of wizard lock
  an uncursed potion of full healing
  a cursed potion of gain ability
  a blessed potion of invisibility
  an uncursed potion of see invisible
  an uncursed potion of sleeping
  2 potions of holy water
  an uncursed potion of water
  a potion of unholy water
  an uncursed ring of free action
  an uncursed ring of warning
  a wand of create monster (0:0)
  a wand of magic missile (0:5)
  a wand of magic missile (0:0)
  a wand of make invisible (0:6)
  a wand of striking (0:8)
  a wand of striking (0:3)
  a wand of striking (0:2)
  a wand of striking (0:0)
  a wand of striking (0:0)
  an uncursed bugle
  an expensive camera (0:61)
  an uncursed leash
  an uncursed leash
  an uncursed lock pick
  a blessed magic marker (0:48)
  an uncursed mirror
  an uncursed oil lamp
  an uncursed oil lamp
  a +0 pick-axe
  an uncursed skeleton key
  an uncursed skeleton key
  an uncursed stethoscope
  an uncursed tin opener
  an uncursed tin whistle
  an uncursed tin whistle
  an uncursed tin whistle
  a blessed tinning kit (0:48)
  a +0 unicorn horn
  a +0 unicorn horn
  a cursed amber stone
  an uncursed jet stone
  2 uncursed worthless pieces of black glass
  2 uncursed worthless pieces of blue glass
  3 uncursed worthless pieces of orange glass
  2 uncursed worthless pieces of yellowish brown glass

DeathOnAStick the Tourist's attributes:

Background:
 You were a Peregrinatrix, a level 13 female human Tourist.
 You were neutral, on a mission for The Lady
 who was opposed by Blind Io (lawful) and Offler (chaotic).
 You started out male.
 You were right-handed.
 You were in the Dungeons of Doom, on level 24.
 You entered the dungeon 38014 turns ago.
 You had 43717 experience points, 36283 more were needed to attain level 14.
 Your score was 202291 before end-of-game adjustments.

Basics:
 You had 0 out of 120 hit points.
 You had all 58 energy points (spell power).
 Your armor class was -5.
 Your wallet was empty, but
 you had 19272 zorkmids stashed away in your pack.
 Autopickup was off.

Final Characteristics:
 Your strength was 25 (base:18/25, innate limit:18/100).
 Your dexterity was 17 (peak:18, limit:18).
 Your constitution was 18 (limit:18).
 Your intelligence was 17 (limit:18).
 Your wisdom was 16 (limit:18).
 Your charisma was 18 (limit:18).

Final Status:
 You weren't hungry.
 You were unencumbered.
 You were wielding a long sword.
 You had basic skill with long sword.

Final Attributes:
 You were the Envoy of Balance.
 You were piously aligned.
 You were magic-protected.
 You were fire resistant.
 You were cold resistant.
 You were sleep resistant.
 You were shock resistant.
 You were poison resistant.
 You saw invisible.
 You were telepathic.
 You had automatic searching.
 You were stealthy.
 You had a small defense bonus (+3).
 You were guarded.
 Your spell casting was impaired by metallic armor.
 You were very fast.
 You had reflection.
 You were extremely lucky.
 You had extra luck.
 Good luck did not time out for you.
 You are dead (2nd time!).

Miscellaneous:
 You encountered 1 bones level.
 Total elapsed playing time was 8 hours, 4 minutes and 39 seconds.

Major events:
 Turn
    1: DeathOnAStick the neutral male human Tourist entered the dungeon
  977: attained the rank of Sightseer (level 3)
 1247: entered the Gnomish Mines
 2931: attained the rank of Excursionist (level 6)
 3944: reached Mine Town
10479: acquired the Mines' End luckstone
10827: averted death (killed by an energy vortex)
11645: attained the rank of Peregrinatrix (level 10)
13063: was bestowed with Magicbane by The Lady
13119: chose a runed dagger to be named "Sting"
13939: was bestowed with Vorpal Blade by The Lady
16538: entered Sokoban
16747: completed 1st Sokoban level
17025: completed 2nd Sokoban level
17257: completed 3rd Sokoban level
17819: completed 4th Sokoban level
18820: acquired the Sokoban bag of holding
20005: was bestowed with Werebane by The Lady
23238: became The Lady's Envoy of Balance
23846: chose a runed broadsword to be named "Orcrist"
38014: killed by a winged gargoyle

Spells:
 Name                 Level Category     Fail Retention
 protection             1   clerical     100%    (gone)
 chain lightning        2   attack       100%    (gone)
 force bolt             1   attack       100%    (gone)
 fireball               4   attack       100%    (gone)
 light                  1   divination   100%    (gone)
 create monster         2   clerical     100%    (gone)
 create familiar        6   clerical     100%   26%-50%
 confuse monster        1   enchantment  100%   26%-50%
 detect monsters        1   divination   100%   26%-50%
 magic missile          2   attack       100%  76%-100%
 detect food            2   divination   100%  76%-100%

Skills:
 Fighting Skills
   bare handed combat [Unskilled]
   two weapon combat  [Unskilled]
   riding             [Unskilled]
 Weapon Skills
   dagger             [Expert]
   knife              [Unskilled]
   axe                [Unskilled]
   pick-axe           [Unskilled]
   short sword        [Unskilled]
   broadsword         [Unskilled]
   long sword         [Basic]
   two-handed sword   [Unskilled]
   saber              [Unskilled]
   mace               [Unskilled]
   morning star       [Unskilled]
   flail              [Unskilled]
   hammer             [Unskilled]
   quarterstaff       [Unskilled]
   polearms           [Unskilled]
   spear              [Unskilled]
   trident            [Unskilled]
   lance              [Unskilled]
   bow                [Unskilled]
   sling              [Unskilled]
   crossbow           [Unskilled]
   dart               [Basic]
   shuriken           [Unskilled]
   boomerang          [Unskilled]
   whip               [Unskilled]
   unicorn horn       [Unskilled]
 Spellcasting Skills
   divination spells  [Unskilled]
   enchantment spells [Unskilled]
   escape spells      [Unskilled]

Voluntary challenges:
 Character rerolling was not enabled.
 You never genocided any monsters.
 You never polymorphed an object.
 You used no wishes.
 You did not violate any of the special Sokoban rules.
Achievements:
 You attained the rank of Sightseer.
 You entered a shop.
 You entered the Gnomish Mines.
 You attained the rank of Excursionist.
 You entered Minetown.
 You completed the Gnomish Mines.
 You attained the rank of Peregrinatrix.
 You entered Sokoban.
 You completed Sokoban.
 You learned the tune to open and close the Castle's drawbridge.

 The Dungeons of Doom: levels 1 to 27
    Level 1:
       An altar to The Lady.
    Level 2:
       Many fountains.
    Level 3:
       An armor shop, an altar to The Lady.
       Stairs down to The Gnomish Mines.
    Level 4:
       A fountain.
    Level 5:
       A throne.
    Level 6:
       A fountain.
    Level 7:
       A grave.
    Level 8:
    Level 9:
       Many fountains.
       Oracle of Delphi.
    Level 10:
       A fountain.
       Stairs up to Sokoban, level 9.
    Level 11:
       An altar, a grave.
       Portal to Fort Ludios.
    Level 12:
    Level 13:
       An altar.
    Level 14:
       Many graves.
    Level 15:
       A grave.
       Summoned by Twoflower.
    Level 16:
       An altar.
    Level 17:
       A primitive area.
    Level 18:
    Level 19:
    Level 20:
       A throne, a fountain.
    Level 21:
    Level 22:
       A fountain.
    Level 23:
       A fountain.
    Level 24: <- You were here.
       An altar.
       Final resting place for
          you, killed by a winged gargoyle.
    Level 25:
       An altar to The Lady, some fountains.
    Level 26:
       A fountain.
    Level 27:
 The Gnomish Mines: levels 4 to 12
    Level 4:
    Level 5:
       A grave.
       Final resting place for
          theokp-Wiz-Elf-Mal-Cha, killed by a dwarf.
    Level 6:
       An altar, some fountains.
    Level 7:
    Level 8:
    Level 9:
    Level 10:
    Level 11:
    Level 12:
 Sokoban: levels 9 up to 6
    Level 6:
       Solved.
    Level 7:
       Solved.
    Level 8:
       Solved.
    Level 9:
       Solved.
 Fort Ludios:
    Level 1:


Vanquished creatures:
  a baluchitherium
 an Olog-hai
  a displacer beast
  a trapper
  a captain
  3 nurses
  2 Aleaxes
  4 black puddings
  3 lieutenants
  4 ghosts
  2 queen bees
  3 winged gargoyles
  4 giant mimics
  4 long worms
  a zruty
  2 ogre tyrants
 an umber hulk
  3 flesh golems
  2 large mimics
  a wumpus
  a couatl
  6 stalkers
 an earth elemental
  2 water elementals
  2 hill giants
  3 giant mummies
  a black naga
  a xorn
  3 elf-nobles
  4 sergeants
  2 water demons
  2 wargs
  2 winter wolves
  4 small mimics
  4 xans
  3 ogre leaders
  2 quantum mechanics
  8 trolls
  2 sasquatches
  a wood golem
  2 gelatinous cubes
  2 large dogs
  3 freezing spheres
  a flaming sphere
  2 shocking spheres
  2 tigers
  3 gargoyles
  a dwarf ruler
  6 tengu
  4 ochre jellies
  a leocrotta
  4 energy vortices
  5 stone giants
  3 elf mummies
  5 human mummies
  a red naga
  a python
  3 wraiths
  3 ettin zombies
  2 leather golems
  8 Grey-elves
 25 soldiers
 an amorous demon
  4 chameleons
  3 crocodiles
  4 giant beetles
  2 quivering blobs
  6 cockatrices
  8 wolves
  3 winter wolf cubs
  4 lynxes
  a panther
  2 gremlins
  a spotted jelly
  4 leprechauns
  6 orc-captains
  3 iron piercers
  a mumak
  6 giant spiders
  2 scorpions
  a horse
  3 ice vortices
  2 baby long worms
  4 black lights
  5 vampire bats
  a forest centaur
  6 gnome rulers
  2 orc mummies
  3 dwarf mummies
  8 brown puddings
  2 rust monsters
  5 owlbears
  a yeti
  a gold golem
  2 werewolves
  8 Green-elves
 12 lizards
  3 dingoes
  3 housecats
  5 jaguars
  3 dwarf leaders
  2 blue jellies
  3 white unicorns
  a black unicorn
  a dust vortex
  6 ravens
  3 plains centaurs
  2 gnome mummies
  3 snakes
  5 water moccasins
  8 apes
  4 human zombies
  a rope golem
 13 Woodland-elves
 12 soldier ants
  5 fire ants
 19 bugbears
  4 imps
  5 quasits
  3 wood nymphs
  a water nymph
  3 mountain nymphs
 10 Mordor orcs
 17 Uruk-hai
 11 orc shamans
  6 rock piercers
  6 rock moles
  4 fog clouds
 11 yellow lights
  3 shriekers
  3 violet fungi
 28 gnome leaders
  7 gnomish wizards
  3 kobold mummies
  5 gray oozes
  a barrow wight
  6 elf zombies
  a ghoul
  5 straw golems
  2 paper golems
 26 giant ants
 11 floating eyes
  2 kittens
 32 dwarves
  8 homunculi
  5 kobold leaders
  2 kobold shamans
 52 hill orcs
 21 rothes
  3 rabid rats
  a centipede
  7 giant bats
  5 monkeys
  3 orc zombies
  5 dwarf zombies
  2 wererats
  3 werejackals
  6 iguanas
 32 killer bees
 an acid blob
  9 coyotes
  4 gas spores
  8 hobbits
 14 manes
  5 large kobolds
 28 hobgoblins
 15 giant rats
  8 cave spiders
  5 brown molds
  3 yellow molds
  4 green molds
  2 red molds
 73 gnomes
  4 garter snakes
  6 gnome zombies
 21 geckos
 19 jackals
  6 foxes
  4 kobolds
 13 goblins
  7 sewer rats
 10 grid bugs
  a bat
  5 lichens
  2 kobold zombies
 13 newts
1075 creatures vanquished.

No species were genocided or became extinct.

Game over:
                       ----------
                      /          \
                     /    REST    \
                    /      IN      \
                   /     PEACE      \
                  /                  \
                  |  DeathOnAStick   |
                  |     19272 Au     |
                  |   killed by a    |
                  | winged gargoyle  |
                  |                  |
                  |                  |
                  |       2026       |
                 *|     *  *  *      | *
        _________)/\\_//(\/(/\)/\//\/|_)_______

Aloha DeathOnAStick the Tourist...

You died in The Dungeons of Doom on dungeon level 24 with 200400 points,
and 19272 pieces of gold, after 38014 moves.
You were level 13 with a maximum of 120 hit points when you died.

